 Dungeon Crawl Stone Soup version 0.20-a0-1126-g0f15420 (webtiles) character file.

230 Lexie the Firebug (level 6, -2/36 HPs)
             Began as an Octopode Fire Elementalist on May 17, 2017.
             Slain by a gnoll
             ... wielding a +0 flail
              (15 damage)
             ... on level 3 of the Dungeon.
             The game lasted 00:04:47 (4100 turns).

Lexie the Firebug (Octopode Fire Elementalist)      Turns: 4100, Time: 00:04:48

Health: -2/36      AC:  1    Str:  8    XL:     6   Next: 3%
Magic:  5/11       EV: 12    Int: 19    God:
Gold:   209        SH:  0    Dex: 12    Spells: 6/12 levels left

rFire    . . .     SeeInvis .   c - -3 dagger (curse)
rCold    . . .     Gourm    .   (no shield)
rNeg     . . .     Faith    .   (helmet restricted)
rPois    .         Spirit   .   (no amulet)
rElec    .         Reflect  .   v - ring of stealth
rCorr    .         Harm     .   (no ring)
MR       .....                  (no ring)
Stlth    ++++......             (no ring)
Regen    0.2/turn               (no ring)
MPRegen  0.2/turn               (no ring)
                                (no ring)
                                (no ring)

@: very slightly contaminated, heavily drained
A: almost no armour, stealthy swim, amphibious, 8 rings, constrict 8, camouflage
1, gelatinous body 1
a: no special abilities


You were on level 3 of the Dungeon.
You were hungry.

You visited 1 branch of the dungeon, and saw 4 of its levels.

You collected 209 gold pieces.

Inventory:

Hand Weapons
 c - a cursed -3 dagger (weapon)
Magical Staves
 o - an uncursed staff of power {unknown}
Jewellery
 v - a ring of stealth (left tentacle)
Wands
 j - a wand of polymorph (6/24)
 p - a wand of acid (10/15)
Scrolls
 f - a scroll of remove curse {unknown}
 i - a scroll of teleportation {unknown}
 k - 2 scrolls of fog {unknown}
 l - 2 scrolls of fear {unknown}
 m - 2 scrolls of magic mapping {unknown}
 q - a scroll of enchant armour {unknown}
 r - 2 scrolls of immolation {unknown}
 t - a scroll of recharging {unknown}
 u - a scroll of blinking {unknown}
Potions
 d - 2 potions of might
 e - a potion of resistance {unknown}
 g - a potion of curing
 h - 2 potions of degeneration {unknown}
 n - 3 potions of mutation {unknown}
Books
 a - a book of Flames

   Spells                             Type                      Level
   a - Flame Tongue                   Conjuration/Fire             1
   b - Throw Flame                    Conjuration/Fire             2
   c - Conjure Flame                  Conjuration/Fire             3
   d - Inner Flame                    Hexes/Fire                   3
   e - Sticky Flame                   Conjuration/Fire             4
   f - Fireball                       Conjuration/Fire             5
Comestibles
 b - a bread ration


   Skills:
 - Level 2.0(0.4) Dodging
 - Level 2.9(1.3) Stealth
 * Level 3.9(2.2) Spellcasting
 * Level 3.3(1.6) Conjurations
 + Level 4.0(2.3) Fire Magic


You had 6 spell levels left.
You knew the following spells:

 Your Spells              Type           Power        Failure   Level  Hunger
a - Flame Tongue          Conj/Fire      #....        8%          1    #......
b - Throw Flame           Conj/Fire      #.....       11%         2    ##.....
c - Conjure Flame         Conj/Fire      #.......     22%         3    ###....


Dungeon Overview and Level Annotations

Branches:
Dungeon (4/15)
 Temple: D:4-7

Altars:


Innate Abilities, Weirdness & Mutations

You cannot wear most types of armour.
You are very stealthy in the water. (Stealth+)
You are amphibious.
You can wear up to eight rings at the same time.
You can use your tentacles to constrict eight enemies at once.
Your skin changes colour to match your surroundings (Stealth+).
Your rubbery body absorbs attacks. (AC +1, EV +1)


Message History

There is a stone staircase leading up here.
The gnoll barely misses you.
You climb upwards.
There is a stone staircase leading down here.
Casting: Flame Tongue
Confirm with . or Enter, or press ? or * to list all spells.
Aiming: Flame Tongue
Press: ? - help, Shift-Dir - straight line, f - gnoll
Aim: a gnoll, wielding a flail The flame tongue hits the gnoll.
The gnoll is moderately wounded.
The gnoll hits you with a flail!
Casting: Flame Tongue
Confirm with . or Enter, or press ? or * to list all spells.
Aiming: Flame Tongue
Press: ? - help, Shift-Dir - straight line, f/p - gnoll
Aim: a gnoll, wielding a flail (moderately wounded)
You miscast Flame Tongue.
Sparks fly from your tentacles! The gnoll hits you with a flail!
You die...

.........##...........##...####.#
.........###...###.##.........#.#
.........# ##..............##....
........## #...##...............
##...<.## ##...#................
#####...####.......#.....[.......
######.............###.#####....
#...(..##...(..g...###.<........
#.########.....@...##..######...
##.# ##>.#...>.)........# #...
...# ##...........######.# #...
.### #....#.......# #.# #>.. .#
#.####.......# ### #### )# ###
#.......# .# #.......# .#
######### .#


You could see a gnoll.

Vanquished Creatures
  2 orc wizards (D:3)
  Natasha (thrice) (D:2)
  2 adders
  A worm (D:2)
  3 dart slugs
  2 leopard geckos
  2 orcs (D:3)
  6 giant cockroaches
  3 goblins
  7 hobgoblins
  7 jackals
  2 quokkas (D:3)
  2 ball pythons (D:3)
  8 bats
  7 frilled lizards
  11 kobolds
  7 rats
75 creatures vanquished.

Notes
Turn   | Place    | Note
-------+----------+-------------------------------------------
     0 | D:1      | Lexie the Octopode Fire Elementalist began the quest for the Orb.
     0 | D:1      | Reached XP level 1. HP: 11/11 MP: 3/3
   194 | D:1      | Reached XP level 2. HP: 12/17 MP: 0/5
  1156 | D:2      | Reached XP level 3. HP: 17/21 MP: 0/6
  1256 | D:2      | Noticed Natasha
  2260 | D:2      | Reached XP level 4. HP: 22/27 MP: 4/8
  2469 | D:2      | Learned a level 2 spell: Throw Flame
  2473 | D:2      | Learned a level 3 spell: Conjure Flame
  2485 | D:2      | Killed Natasha
  2623 | D:2      | Noticed Natasha
  2626 | D:2      | Killed Natasha
  2737 | D:2      | Noticed Natasha
  2743 | D:2      | Killed Natasha
  2743 | D:2      | Reached XP level 5. HP: 31/31 MP: 2/10
  3010 | D:3      | Reached skill level 4 in Fire Magic
  3749 | D:3      | Reached XP level 6. HP: 31/36 MP: 9/11
  4100 | D:3      | Slain by a gnoll

Vault maps used:
D:1:      roderic_crop_circles_arrival_small, minmay_misc_feat_tiny,
          minmay_bisected
D:2:      kb_forest_paths, uniq_natasha
D:3:      serial_curves, eino_curves_02, eino_curves_02, serial_park_tiny_pond,
          minmay_cut_off
D:4:      minmay_temple_entry_statues_fountains, uniq_robin

Skill      XL: |  1  2  3  4  5 |
---------------+----------------+-----
Conjurations   | 2 3 |  3.3
Spellcasting   | 3 |  3.9
Fire Magic     | 4 |  4.0
Dodging        | |  2.0
Stealth        | |  2.9

Action                   |  1- 3 |  4- 6 || total
-------------------------+-------+-------++-------
Melee: Unarmed           |    16 |       ||    16
       Constrict         |     5 |     4 ||     9
       Tentacles         |     4 |     1 ||     5
       Dagger            |    10 |    17 ||    27
 Cast: Flame Tongue      |    68 |    65 ||   133
       Throw Flame       |       |     6 ||     6
  Use: Potion            |       |     2 ||     2
 Stab: Sleeping          |     3 |       ||     3
  Eat: Chunk             |     4 |     6 ||    10
Armor: Skin              |     3 |     7 ||    10
Dodge: Dodged            |    44 |    29 ||    73
